 Dungeon Crawl Stone Soup version 0.30-a0-591-g3c58d2bc28 (webtiles) character file.

Game seed: 4891423564091567112

1511 Darkkill the Shooter (level 8, -7/62 (71) HPs)
             Began as a Minotaur Hunter on Jan 4, 2023.
             Mangled by a wight
             ... wielding a +4 morningstar
              (15 damage)
             ... on level 6 of the Dungeon.
             The game lasted 00:06:43 (6492 turns).

Darkkill the Shooter (Minotaur Hunter)              Turns: 6492, Time: 00:06:44

HP:   -7/62 (71)    AC:  9    Str: 22    XL:     8   Next: 53%
MP:   7/7           EV: 12    Int:  6    God:
Gold: 167           SH:  0    Dex: 16    Spells: 7/7 levels left

rFire   + + .      SeeInvis .    a - +0 shortbow (chaos)
rCold   x . .      Faith    .    (shield currently unavailable)
rNeg    . . .      Spirit   .    y - +0 fire dragon scales
rPois   .          Reflect  .    (helmet restricted)
rElec   .          Harm     .    e - +0 cloak
rCorr   .          Rampage  .    (no gloves)
Will    .....                    (no boots)
Stlth   +                        (no amulet)
HPRegen 0.30/turn                k - +6 ring of strength
MPRegen 0.10/turn                (no ring)

@: heavily drained
A: horns 2, retaliatory headbutt
a: no special abilities


You were on level 6 of the Dungeon.
You visited 2 branches of the dungeon, and saw 7 of its levels.

You collected 297 gold pieces.
You spent 130 gold pieces at shops.

Inventory:

Hand Weapons
 a - a +0 shortbow of chaos (weapon)
 b - the +2 hammer "Cobaps" {flame, Drain rC+ rN+}
   (You found it on level 2 of the Dungeon)

   rC:        It protects you from cold.
   rN:        It protects you from negative energy.
   Drain:     It drains your maximum health when unequipped.
Missiles
 h - 11 stones
 i - 2 datura-tipped darts
 q - 15 poisoned darts
 r - 2 javelins
 u - 2 boomerangs
Armour
 e - a +0 cloak (worn)
 y - +0 fire dragon scales (worn)
Jewellery
 k - a +6 ring of strength (left hand)
Wands
 m - a wand of light (8)
 p - a wand of flame (18)
Scrolls
 f - 4 scrolls of teleportation
 n - 2 scrolls of immolation
Potions
 d - a potion of resistance
 g - 2 potions of curing {@q1}
 j - 2 potions of brilliance
 l - 2 potions of might
 o - 2 potions of haste {unknown}
 s - a potion of attraction {unknown}
 t - 2 potions of lignification {unknown}
 v - a potion of cancellation {unknown}
 x - a potion of magic {unknown}


   Skills:
 + Level 6.7 Fighting
 + Level 7.3 Ranged Weapons
 + Level 6.2 Dodging
 + Level 4.8 Stealth


You had 7 spell levels left.
You didn't know any spells.
Your spell library contained the following spells:

 Spells                   Type           Power      Damage    Failure   Level
 Ignite Poison            Fire/Tmut/Pois 0%         N/A       99%         3
 Kindle Blastsparks       Fire/Tloc/Air  0%         2d10      99%         3
 Sticky Flame             Conj/Fire      0%         2d3       100%        4
 Freezing Cloud           Conj/Ice/Air   0%         6-21      100%        5
 Ignition                 Fire           0%         3d3       100%        8


Dungeon Overview and Level Annotations

Branches:
Dungeon (6/15)             Temple (1/1) D:5

Altars:
Ashenzari
Dithmenos
Elyvilon
Fedhas
Hepliaklqana
Kikubaaqudgha
Makhleb
Nemelex Xobeh
Qazlal
Ru
Sif Muna
Trog
Uskayaw
Vehumet
Wu Jian
Xom
Yredelemnul
Zin
Lugonu

Shops:
D:2 *[(

Portals:
Abyss: D:5


Innate Abilities, Weirdness & Mutations

You have a pair of horns on your head.
You reflexively headbutt those who attack you in melee.


Message History

You shoot an arrow. The arrow completely misses the wight.
You hear a shout!
An ufetubus comes into view.
There are monsters nearby!
You shoot an arrow.
The arrow hits the wight but does no damage.
You shoot an arrow.
The arrow hits the wight but does no damage.
There are monsters nearby!
There are monsters nearby!
You shoot an arrow. The arrow hits the ufetubus!
You kill the ufetubus!
A wight comes into view.
It is wielding a +2 dire flail of freezing.
The wight hits you but does no damage.
A wight comes into view. It is wielding a +0 flail.
You shoot an arrow. The arrow closely misses the wight. x2
The wight closely misses you.
A wight comes into view. It is wielding a +0 flail.
There are monsters nearby!
You shoot an arrow. The arrow barely misses the wight.
The arrow hits the wight.
The wight is moderately damaged.
The wight hits you but does no damage.
There are monsters nearby!
You shoot an arrow.
The arrow hits the wight but does no damage.
The wight hits you with a +1 hand axe of freezing.
The wight freezes you.
You shoot an arrow. The arrow hits the wight!
The wight convulses!!
You destroy the wight!
Your Dodging skill increases to level 6!
You shoot an arrow. The arrow hits the wight.
The wight is heavily damaged.
You shoot an arrow.
The arrow hits the wight but does no damage.
The wight easily resists.
The wight is heavily damaged.
A wight comes into view. It is wielding a +4 morningstar.
You shoot an arrow. The arrow closely misses the wight.
The arrow hits the wight but does no damage.
You shoot an arrow. The arrow hits the wight.
The wight seems to speed up.
The wight is heavily damaged.
The wight closely misses you. You furiously retaliate!
You headbutt the wight!
You destroy the wight!
You shoot an arrow.
The arrow hits the wight but does no damage.
The wight seems to grow stronger.
The wight barely misses you.
The wight hits you with a +2 dire flail of freezing!
You feel drained. The wight freezes you. The wight hits you with a +0 flail!
You feel drained.
You are too injured to fight recklessly!
You are too injured to fight recklessly!
You are too injured to fight recklessly!
You feel much better. The wight hits you with a +0 flail.
You feel drained.
You shoot an arrow. The arrow hits the wight!
The arrow burns the wight.
The wight is severely damaged.
The wight barely misses you. You furiously retaliate!
You headbutt the wight.
You destroy the wight!
The wight hits you with a +2 dire flail of freezing!
The wight freezes you.
You shoot an arrow. The arrow closely misses the wight.
The wight closely misses you. You furiously retaliate!
You headbutt the wight!
You destroy the wight!
The wight closely misses you.
You shoot an arrow. The arrow hits the wight!
The wight suddenly seems more agile.
The wight is heavily damaged.
The wight hits you with a +4 morningstar!
The wight barely misses you.
The wight hits you with a +4 morningstar.
You feel drained.
* * * LOW HITPOINT WARNING * * *
Things that are here:
a +2 dire flail of freezing; a +0 robe Fire: a) +0 shortbow (chaos)
Press: ? - help, Q - select action, (/) - cycle Shift-Dir - straight line, f/p - wight
Aim: a wight, wielding a +4 morningstar and wearing a +0 robe (heavily damaged, unusually agile, 51% to hit)
You shoot an arrow. The arrow closely misses the wight.
The wight hits you but does no damage.
Fire: a) +0 shortbow (chaos)
Press: ? - help, Q - select action, (/) - cycle Shift-Dir - straight line, f/p - wight
Aim: a wight, wielding a +4 morningstar and wearing a +0 robe (heavily damaged, unusually agile, 51% to hit)
You shoot an arrow. The arrow completely misses the wight.
The wight completely misses you.
You feel better. The wight misses you.
You feel better.
The wight hits you with a +4 morningstar!
You feel drained.
* * * LOW HITPOINT WARNING * * *
Fire: a) +0 shortbow (chaos)
Press: ? - help, Q - select action, (/) - cycle Shift-Dir - straight line, f/p - wight
Aim: a wight, wielding a +4 morningstar and wearing a +0 robe (heavily damaged, unusually agile, 51% to hit)
You shoot an arrow. The arrow hits the wight.
The wight is severely damaged.
The wight hits you with a +4 morningstar!
* * * LOW HITPOINT WARNING * * *
You feel drained.
* * * LOW HITPOINT WARNING * * *
The wight hits you with a +4 morningstar!
You die...

#.........#.##.....
...................
#######....#.#...#.
#.................
#†#####...#.###.##
#.....#####.# #..#
#†....# # ##.#
#.....# #.# #@....#
#.#
#.z...##########÷#
#.....##.....[..÷.
##....##......<...
#....##..........
.....##..........
.....##..........
.....############


You could see a wight (agile).

Vanquished Creatures
  A water moccasin (D:6)
  A black bear (D:6)
  2 phantoms
  A kobold brigand (D:5)
  3 scorpions
  4 wights (D:6)
  4 hounds
  2 jellies (D:6)
  Crazy Yiuf (D:2)
  An orc priest (D:3)
  5 iguanas
  Jessica (D:2)
  Ijyb (D:2)
  An orc wizard (D:5)
  Robin (D:2)
  13 adders
  A shadow imp (D:5)
  An ufetubus (D:6)
  A worm (D:2)
  4 dart slugs
  14 orcs
  11 ball pythons
  A bat (D:1)
  4 endoplasms
  5 giant cockroaches
  21 goblins
  9 hobgoblins
  4 jackals (D:4)
  2 quokkas
  3 frilled lizards
  12 kobolds
  4 rats (D:3)
139 creatures vanquished.

Vanquished Creatures (others)
  16 plants (D:3)
16 creatures vanquished.

Grand Total: 155 creatures vanquished

Notes
Turn   | Place    | Note
-------+----------+-------------------------------------------
     0 | D:1      | Darkkill the Minotaur Hunter began the quest for the Orb.
     0 | D:1      | Reached XP level 1. HP: 18/18 MP: 0/0
    87 | D:1      | Reached skill level 1 in Stealth
    99 | D:1      | Reached XP level 2. HP: 25/25 MP: 1/1
   565 | D:2      | Noticed Robin
   568 | D:2      | Reached XP level 3. HP: 28/30 MP: 2/2
   579 | D:2      | HP: 6/31 [goblin/+0 dagger[Robin] (3)]
   588 | D:2      | HP: 6/31 [something (5)]
   590 | D:2      | HP: 2/31 [something (4)]
   592 | D:2      | Killed Robin
   597 | D:2      | Found Piexzick's Antique Weapon Emporium.
   891 | D:2      | Found a runed translucent door.
   892 | D:2      | Noticed Crazy Yiuf
   905 | D:2      | Found Ameon's Armour Emporium.
   933 | D:2      | Found Gaotai's General Store.
   961 | D:2      | Reached XP level 4. HP: 22/38 MP: 3/3
  1090 | D:2      | Noticed Jessica
  1097 | D:2      | Killed Jessica
  1098 | D:2      | Reached skill level 5 in Ranged Weapons
  1357 | D:2      | Found a faded altar of an unknown god.
  2040 | D:3      | Noticed Ijyb
  2042 | D:3      | Noticed a phantom
  2044 | D:3      | Reached XP level 5. HP: 46/46 MP: 4/4
  2045 | D:3      | Paralysed by Ijyb for 5 turns
  2056 | D:2      | Killed a phantom
  2091 | D:3      | Paralysed by Ijyb for 5 turns
  2098 | D:3      | Paralysed by Ijyb for 5 turns
  2109 | D:2      | Paralysed by Ijyb for 4 turns
  2115 | D:2      | Paralysed by Ijyb for 5 turns
  2122 | D:2      | Killed Ijyb
  2367 | D:3      | Reached XP level 6. HP: 52/52 MP: 5/5
  2458 | D:3      | Found a bloodstained altar of Trog.
  2459 | D:3      | Found a hide-covered altar of Uskayaw.
  2599 | D:3      | Found a hazy altar of Hepliaklqana.
  3235 | D:2      | Bought a glowing war axe for 130 gold pieces
  3309 | D:2      | Killed Crazy Yiuf
  3312 | D:2      | Identified the +2 hammer "Cobaps" {flame, Drain rC+ rN+}
  4258 | D:4      | Reached skill level 6 in Ranged Weapons
  4258 | D:4      | Reached XP level 7. HP: 60/60 MP: 6/6
  4469 | D:5      | Entered Level 5 of the Dungeon
  4487 | D:5      | Reached skill level 5 in Fighting
  4511 | D:5      | Found a shimmering blue altar of Sif Muna.
  4537 | D:5      | Found a one-way gate to the infinite horrors of the Abyss.
  4665 | D:5      | Found a staircase to the Ecumenical Temple.
  4704 | Temple   | Entered the Ecumenical Temple
  5181 | D:5      | Reached skill level 5 in Dodging
  5248 | D:5      | Found an ornate altar of the Wu Jian Council.
  5248 | D:5      | Found a large runed translucent door.
  5249 | D:5      | Found a large runed translucent door.
  5256 | D:5      | Found a corrupted altar of Lugonu.
  6025 | D:6      | Reached XP level 8. HP: 46/70 MP: 7/7
  6341 | D:6      | Reached skill level 7 in Ranged Weapons
  6492 | D:6      | HP: 9/64 [wight/+4 morningstar (10)]
  6492 | D:6      | Mangled by a wight

Illustrated notes

Levels and vault maps discovered:
D:1:      ebering_trefoil_twist, layout_basic
D:2:      layout_basic, serial_shops, nicolae_diamond_shop, shop_fountains,
          shop, hellmonk_ecumenical_altar_leap_of_faith, uniq_robin,
          uniq_crazy_yiuf_cottage, uniq_jessica
D:3:      layout_loops_ring, mainiacjoe_overflow_catch_the_wave,
          mainiacjoe_overflow_tiny_flanked, minmay_misc_feat_ornament, uniq_ijyb
D:4:      layout_basic
D:5:      due_chaos_kobolds, layout_cave_pods, minmay_temple_entry_offerings,
          hangedman_feature_mirror
D:6:      layout_basic, chequers_temple_overflow_statue_of_worship
Temple:   nicolae_temple_two_arcs

Skill      XL: |  1  2  3  4  5  6  7  8 |
---------------+-------------------------+-----
Stealth        | 1 2 3 4 |  4.8
Fighting       | 3 4 5 6 |  6.7
Dodging        | 3 4 5 6 |  6.2
Ranged Weapons | 5 6 7 |  7.3

Action                   |  1- 3 |  4- 6 |  7- 9 || total
-------------------------+-------+-------+-------++-------
Melee: War axe           |       |     2 |       ||     2
       Headbutt          |       |     1 |       ||     1
 Fire: Shortbow          |    90 |   142 |   148 ||   380
  Use: Scroll            |     3 |     5 |     3 ||    11
       Potion            |     1 |       |     3 ||     4
Armor: Leather armour    |    13 |    43 |    18 ||    74
       Fire dragon scale |       |       |     6 ||     6
Dodge: Dodged            |    31 |    48 |    64 ||   143

Table legend: (Time is in decaauts)
 A = Elapsed time spent in this place.
 B = Non-inter-level travel time spent in this place.
 C = Inter-level travel time spent in this place.
 D = Time resting spent in this place.
 E = Time spent auto-exploring this place.
 F = Levels seen in this place.
 G = Mean time per level.
                   A        B        C        D        E       F      G
               +--------+--------+--------+--------+--------+-----+--------+
         Total |   6590 |   5728 |    862 |    341 |   4449 |   7 |  941.4 |
       Dungeon |   6452 |   5590 |    862 |    341 |   4332 |   6 | 1075.3 |
        Temple |    138 |    138 |      0 |      0 |    117 |   1 |  138.0 |
               +--------+--------+--------+--------+--------+-----+--------+

Top non-repeatable levels by time:
     D:2: 2065 daAuts
     D:5: 1218 daAuts
     D:4: 1058 daAuts
     D:3: 841 daAuts
     D:6: 698 daAuts
     D:1: 569 daAuts
  Temple: 138 daAuts

Table legend:
 A = Kills in this place as a percentage of kills in entire the game.
 B = Kills by you in this place as a percentage of kills by you in the entire game.
 C = Kills by friends in this place as a percentage of kills by friends in the entire game.
 D = Other kills in this place as a percentage of other kills in the entire game.
 E = Experience gained in this place as a percentage of experience gained in the entire game.
 F = Experience gained in this place divided by the number of levels of this place that you have seen.
                   A       B       C       D       E      F
               +-------+-------+-------+-------+-------+----------------------
         Total | 100.0 | 100.0 |   N/A |   N/A | 100.0 | 308.4
       Dungeon | 100.0 | 100.0 |   N/A |   N/A | 100.0 | 359.8
               +-------+-------+-------+-------+-------+----------------------
